← All builds
Beach sea / Cortex / Economy first / OBSERVED BUILD

Standard beach sea

Cortex Beach sea build order · Supreme Isthmus

The role's usual play: com goes to sea to build a shipyard around 2 minutes, pumping frigates and destroyers to contest enemy sea entry or hold vision, with an advanced metal extractor around 10 minutes as the transition into the team's…

Usually shipyard first (94%)

#naval #eco · 840 distinct matches · 110 players · 84% of Cortex Beach sea games · team won 55% of 911 · Recently observed

HOW TO PLAY IT

Key timing: Shipyard by 1:57

  1. Open 3 mex and wind while com heads straight to sea.
  2. Drop Shipyard fast, before 2:00, to seize early sea presence.
  3. Push "frigate" out to contest enemy sea entry or hold vision.
  4. Add "destroyer" as the fleet grows.
  5. Transition into Advanced Metal Extractor to catch up on eco.

Phase by phase

TYPICAL OF ITS 840 GAMES
  1. 1
  2. 2
  3. 3
PLAY THE OPENING

Follow the example game's first 6:00 step by step: what to build now, what comes next, and where it goes. At 1× it keeps pace with your own game.

  1. 1

    Up to the Shipyard

    Economy
    • Metal Extractor3Mex
    • Wind Turbine3Windfor allies
    • Wind Turbine2Wind
    • Energy Storage1Energy storage
    Order
    1. ShipyardShipyard after 3 mex, 2 wind, 1 energy storagedone ~1:57, middle half 1:44–2:07

    By 1:40 in all: 3 mex · 2 wind · 1 energy storage

    The example game in this phase · 4 steps
    1. Mex ×3
    2. Wind
    3. Tidal ×2
    4. ShipyardShipyarddone 1:31 · typical 1:57
  2. 2

    Shipyard to 5:00

    Economy
    • Metal Extractor5Mex
    • Tidal Generator2Tidal
    Builders
    • Construction Ship2 Con ship
    Army
    • Riptide2 Frigate
    • Herring1 Missile corvette
    • Oppressor1 Destroyer
    Other
    • Naval Radar / Sonar Tower1 Naval Radar / Sonar Tower

    Some games also: Urchin (44%) · wind (40%) · submarine (39%) · gunboat (36%) · con turret (35%)

    By 5:00 in all: 8 mex · 3 wind · 2 tidal · 1 energy storage

    The example game in this phase · 27 steps
    1. Construction ShipCon ship ×2
    2. Tidal
    3. HerringMissile corvette
    4. Radar TowerRadar Tower
    5. Mex
    6. Windfor Air
    7. HerringMissile corvette
    8. Wind ×2for Air
    9. Wind
    10. SupporterGunboat
    11. Mex
    12. Mex
    13. SupporterGunboat ×2
    14. Mex
    15. OrcaSubmarinedone 3:50
    16. Con turret
    17. RiptideFrigatedone 4:08 · typical 3:51
    18. Mex ×2
    19. Death CavalryDeath Cavalry
    20. UrchinUrchin
    21. Wind
    22. RiptideFrigate
    23. Mex
    24. Wind
    25. Naval Radar / Sonar TowerNaval Radar / Sonar Tower
    26. GuardGuard
    27. OppressorDestroyerdone 5:41 · typical 5:11
  3. 3

    5:00 to 10:00

    Economy
    • Metal Extractor1Mex
    • Wind Turbine9Wind
    Builders
    • Death Cavalry1 Death Cavalry
    • Construction Ship1 Con ship
    Army
    • Urchin1 Urchin
    • Riptide5 Frigate
    • Oppressor2 Destroyer
    • Herring2 Missile corvette
    Other
    • Naval Radar / Sonar Tower1 Naval Radar / Sonar Tower

    Some games also: Naval Construction Turret (48%) · Guard (47%) · Radar Tower (40%) · tidal (39%) · con turret (34%)

    By 10:00 in all: 9 mex · 12 wind · 4 wind · 4 tidal · 1 energy storage · 1 Naval Construction Turret

    The example game in this phase · 81 steps
    1. Wind
    2. Naval Radar / Sonar TowerNaval Radar / Sonar Tower
    3. Wind
    4. UrchinUrchin
    5. Wind
    6. Construction ShipCon ship
    7. UrchinUrchin
    8. Wind
    9. Energy storage
    10. RiptideFrigate
    11. Naval Radar / Sonar TowerNaval Radar / Sonar Tower ×2
    12. Wind
    13. RiptideFrigate
    14. Wind
    15. Tidal
    16. HerringMissile corvette
    17. Wind ×2
    18. RiptideFrigate
    19. Tidal
    20. Wind
    21. Tidal
    22. Wind
    23. OppressorDestroyer
    24. Construction ShipCon ship
    25. Wind
    26. Tidal
    27. Naval Radar / Sonar TowerNaval Radar / Sonar Tower ×2
    28. Wind
    29. Naval Energy Converter
    30. Advanced Metal ExtractorT2 mexdone 9:27 · typical 9:58
    31. Naval Energy Converter
    32. Wind
    33. HerringMissile corvette
    34. Wind ×2
    35. HerringMissile corvette
    36. Naval Energy Converter
    37. Wind ×2
    38. RiptideFrigate
    39. Wind
    40. Naval Energy Converter
    41. Wind
    42. OppressorDestroyer
    43. Wind
    44. Naval Construction Turret
    45. Advanced Metal ExtractorT2 mex
    46. Con turret
    47. Death CavalryDeath Cavalry
    48. RiptideFrigate
    49. OppressorDestroyer
    50. Advanced Metal ExtractorT2 mex
    51. Wind
    52. HerringMissile corvette ×2
    53. Wind
    54. RiptideFrigate
    55. Wind
    56. Construction ShipCon ship
    57. RiptideFrigate
    58. Wind ×2
    59. OppressorDestroyer
    60. Wind ×2
    61. Advanced Metal ExtractorT2 mex
    62. Death CavalryDeath Cavalry
    63. Wind
    64. Con turret
    65. RiptideFrigate
    66. UrchinUrchin
    67. OppressorDestroyer
    68. HerringMissile corvette
    69. Wind
    70. RiptideFrigate
    71. Wind ×3
    72. RiptideFrigate
    73. Wind ×3
    74. HerringMissile corvette
    75. Naval Construction Turret
    76. Wind ×2
    77. Con turret
    78. RiptideFrigate
    79. UrchinUrchin ×2
    80. RiptideFrigate ×2
    81. Con turret ×2

Counts are medians over the build's games: half of them build more, half fewer. The example game is Godmother13's (38 OS, 02/10/2026); pick another.

Team trades

IN AT LEAST 30% OF ITS GAMES

You hand over

  • Wind Turbine3 Wind to Airfirst at 1:52 · in 78% of games

You get

  • Finch1 Finch from Airfirst at 1:58 · in 82% of games
  • Lazarus1 Lazarus from Geofirst at 2:13 · in 62% of games
  • Hephaestus1 Heavy transport from Airfirst at 2:16 · in 68% of games
  • Construction Bot1 Con bot from Geofirst at 2:28 · in 69% of games
  • Hercules1 Light transport from Airfirst at 2:35 · in 32% of games
  • Advanced Construction Bot1 T2 con bot from Techfirst at 8:09 · in 88% of games

How it plays out

Typical game of this build, running totals by minute

Metal produced

010k20k30k
0:005:0010:0015:00

metal

Enemy metal destroyed

05k10k
0:005:0010:0015:00

metal

Own metal lost

02.5k5k7.5k
0:005:0010:0015:00

metal

911 games.

Show as table
ByMetal produced: This buildEnemy metal destroyed: This buildOwn metal lost: This build
1:0040300
2:0093700
3:00156900
4:0025342151
5:003708197100
6:005034535255
7:0064761081591
8:00806218211031
9:00967428201581
10:001157039342334
11:001378150203070
12:001631761193806
13:001909971094570
14:002189381835721
15:002490892026551
WHAT THE NUMBERS SAY

Standard Beach sea wins more than Geo sea's 50% and gets its Shipyard up faster, using early sea access before falling behind on land resources.

  • + Shipyard finishes by 1:57, faster than Geo sea's 3:18
  • + 54% team win rate beats the Cortex geo sea baseline
  • − Metal produced trails Geo sea's Cortex build, 24356 vs 28451 by 15:00
  • − T2 factory only lands in 35% of games by 12:42
THE EXAMPLE YOU ARE READING

Godmother13

38.3 OS · 02/10/2026

Open source match ↗

5 received units · includes a constructor
685 metal received · 22399 energy received

Allied construction assistance is unknown. Timings are observations, not a promise of solo reproducibility.

Typical milestones

Shipyard1:57Middle 50%: 1:44–2:07 · n=909
Riptide3:51Middle 50%: 3:15–4:34 · n=894
Oppressor5:11Middle 50%: 4:17–6:08 · n=877
Advanced Metal Extractor9:58Middle 50%: 9:17–10:53 · n=770

Played most by

EpicTyrannus89games of this buildDamsko67games of this buildWaboum64games of this buildPRO_HYDRA60games of this buildKbot_my_Ahole51games of this build